 Dungeon Crawl Stone Soup version 0.16.1-18-g436b03c (webtiles) character file.

82368 drasked the Executioner (level 15, -7/139 HPs)
             Began as a Gargoyle Berserker on Apr 30, 2015.
             Was a High Priest of Trog.
             Mangled by a hog (12 damage)
             ... led by Kirke
             ... on level 14 of the Dungeon.
             The game lasted 00:25:10 (24023 turns).

drasked the Executioner (Gargoyle Berserker)       Turns: 24023, Time: 00:25:10

Health: -7/139     AC:  0    Str: 31    XL:     15   Next: 73%
Magic:  15/15      EV: 14    Int:  9    God:    Trog [*****.]
Gold:   2455       SH:  0    Dex:  9    Spells: 0 memorised, 14 levels left

rFire  . . .     SeeInvis .     x - melded +6 executioner's axe of the Known World {freeze, rPois Str+3 Dex-2}
rCold  . . .     Clarity  .     c - melded +3 plate armour
rNeg   + . .     SustAb   .     (shield currently unavailable)
rPois  ∞         Gourm    .     j - melded +0 helmet
rElec  .         Spirit   .     f - melded +0 cloak
rCorr  .         Warding  .     q - melded +1 pair of gloves
rMut   .         Stasis   .     d - melded +0 pair of boots
MR     +++..                    p - amulet of regeneration
Stlth  ..........               r - melded +4 ring of protection
                                Y - melded ring of protection from cold

@: berserking, pig-form, flying, regenerating, very quick, extremely resistant
to hostile enchantments, extremely unstealthy
A: able to fly continuously, (big wings), negative energy resistance 1,
(electricity resistance), (unbreathing), petrification resistance, rot immunity,
AC +11
a: Stop Flying, Burn Spellbooks, Berserk, Trog's Hand, Brothers in Arms,
Renounce Religion


You were on level 14 of the Dungeon.
You worshipped Trog.
Trog was extremely pleased with you.
You were hungry.
You were a filthy swine.
You visited 3 branches of the dungeon, and saw 26 of its levels.

You collected 2455 gold pieces.


Innate Abilities, Weirdness & Mutations

You are resistant to torment.
You are immune to poison.
You can fly continuously.
((Your stone body is very resilient (AC +11).))
((Your wings are large and strong.))
You resist negative energy.
((You are resistant to electric shocks.))
((You can survive without breathing.))
You are immune to petrification.
You are immune to rotting.


   Skills:
 + Level 10.6 Fighting
 + Level 21.2 Axes
 - Level 7.1 Armour
 - Level 1.5 Dodging


You had 14 spell levels left.
You didn't know any spells.

Inventory:

Hand weapons
 x - the +6 executioner's axe of the Known World (melded) {freeze, rPois Str+3 Dex-2}
   (You found it on level 8 of the Lair of Beasts)

   It has been specially enchanted to freeze those struck by it, causing extra
   injury to most foes and up to half again as much damage against particularly
   susceptible opponents.
   It can also slow down cold-blooded creatures.
   It affects your strength (+3).
   It affects your dexterity (-2).
   It protects you from poison.
Missiles
 v - 6 javelins (quivered)
Armour
 c - a +3 plate armour (melded)
 d - a +0 pair of boots (melded)
 f - a +0 cloak (melded)
 j - a +0 helmet (melded)
 q - a +1 pair of gloves (melded)
Jewellery
 p - an amulet of regeneration (around neck)
 r - a +4 ring of protection (melded)
 w - an uncursed ring of protection from cold
 Y - a ring of protection from cold (melded)
Magical devices
 u - a wand of hasting (2)
Scrolls
 b - 7 scrolls of remove curse
 g - a scroll of enchant weapon
 h - 8 scrolls of teleportation
 l - 3 scrolls of recharging
 s - 4 scrolls of identify
Potions
 a - a potion of cure mutation
 i - 2 potions of might
 k - 6 potions of curing
 m - a potion of cancellation
 n - 11 potions of heal wounds
 o - 2 potions of restore abilities
 A - a potion of haste
 C - a potion of resistance
Comestibles
 e - a royal jelly
 t - 9 bread rations
 z - 2 meat rations

Dungeon Overview and Level Annotations

Branches:
Dungeon (15/15)            Temple (0/1) D:5            Lair (8/8) D:8
 Shoals (0/5) Lair:4        Snake (0/5) Lair:4        Slime (0/6) Lair:8
    Orc (3/4) D:11            Elf (0/3) Orc:3        Vaults (0/5) D:14
 Depths: D:15

Altars:
Dithmenos
Elyvilon
Gozag
Kikubaaqudgha
Makhleb
Okawaru
Qazlal
Ru
Sif Muna
Trog
Vehumet
Xom
Zin
Beogh
Jiyva

Shops:
D:4 }*   D:6 }   D:9 ![=[(   D:13 *   Orc:1 [

Annotations:
D:14 Kirke


Message History

The harpy barely misses you. x2
The hog bites you!
Kirke points at you and mumbles some strange words.
You resist with almost no effort.
You hit Kirke but do no damage. The harpy barely misses you. x2
The harpy misses you. The harpy claws you! The hog bites you!
Kirke shouts, "You pig!
I'll make you look the way you deserve."
Kirke mumbles some strange words.
Kirke summons a lindwurm!
24022 ||| INVOKING Berserk.
A red film seems to cover your vision as you go berserk!
You feel yourself moving faster!
You feel mighty!
You feel somewhat more hungry. The harpy claws you! The harpy claws you.
The hog barely misses you. The harpy completely misses you.
The harpy claws you! Kirke barely misses you.
You bite Kirke!
Kirke is lightly wounded.
The harpy completely misses you. The harpy claws you.
The harpy barely misses you. The harpy claws you! The hog bites you!
You die...

###################
##......(.Hh@k.....##
##.........h.H.......##
##...).....#######.....##
##........#.##...##......##
##........##.#.....#.......##
##........###.......#......?.##
#..........##.#.....#....#....##
............#.##...##...###....##
..............###.###..## ##....#


You could see Kirke, a lindwurm, 2 harpies and a hog.

Vanquished Creatures
  Rupert (D:14)
  Maud (Lair:7)
  The ghost of SaintRoka the Slinger, a powerful HaWr of Okawaru (D:13)
  Snorg (Lair:4)
  6 hydras
  An ice dragon (Orc:2)
  3 catoblepae
  Erica (D:10)
  4 centaur warriors
  8 death yaks (Lair:8)
  3 tengu warriors
  Urug (D:13)
  Nergalle (Lair:3)
  2 unseen horrors (D:10)
  3 hill giants
  4 lindwurms (Lair:5)
  An oklob plant (Lair:7)
  7 cyclopes
  2 orc knights
  5 elephants (Lair:3)
  2 ugly things
  A griffon (Lair:6)
  2 black mambas
  A guardian serpent (D:12)
  15 spiny frogs
  5 fire drakes
  9 komodo dragons
  10 trolls
  A polar bear (Lair:6)
  Sonja (D:11)
  5 ravens
  A boulder beetle (Lair:6)
  21 blink frogs
  3 wyverns
  A spriggan (D:10)
  4 basilisks
  A deep elf mage (D:13)
  2 hogs (D:14)
  81 yaks
  2 shadows
  A hippogriff (shapeshifter) (D:13)
  4 hungry ghosts
  Grum (D:11)
  3 hippogriffs
  A wraith (D:14)
  A fire elemental (Orc:3)
  5 vampire mosquitoes (D:12)
  15 wolves
  Menkaure (D:7)
  5 porcupines
  2 wargs
  A soldier ant (D:14)
  A sky beast (D:9)
  18 orc warriors
  15 water moccasins
  A wasp (D:13)
  5 ice beasts
  An eye of draining (D:14)
  3 phantoms
  3 black bears
  8 ogres
  3 centaurs
  6 crocodiles
  A boring beetle (Lair:7)
  A brain worm (D:13)
  A gnoll sergeant (D:9)
  16 giant frogs
  Blork the orc (D:4)
  2 wyvern zombies (D:13)
  A scorpion (D:6)
  A wyvern skeleton (D:14)
  A water moccasin skeleton (D:8)
  A vampire bat (Lair:3)
  11 killer bees
  13 wights
  A lava snake (Orc:3)
  An electric eel (Lair:3)
  2 jellies
  A wasp zombie (D:9)
  2 centaur zombies
  A giant frog skeleton (D:10)
  17 hounds
  8 crimson imps
  A giant frog zombie (D:9)
  14 orc priests
  5 centaur skeletons
  10 worker ants
  19 orc wizards
  11 iguanas
  20 sheep
  Ijyb (D:5)
  A hound zombie (D:3)
  A hound skeleton (D:4)
  A mummy (D:11)
  A worker ant zombie (D:11)
  7 gnolls
  36 adders
  36 river rats
  5 shadow imps
  A giant mite (D:5)
  4 worms
  An adder skeleton (D:9)
  5 giant geckos
  116 orcs
  A bat skeleton (D:8)
  2 bat zombies
  7 giant cockroaches
  20 hobgoblins
  18 quokkas
  4 ball pythons
  24 bats
  A giant gecko zombie (D:6)
  5 giant newts
  2 giant spores
  12 goblins
  25 jackals
  A jackal zombie (D:6)
  5 kobolds
  A quokka skeleton (D:9)
  3 quokka zombies
  13 rats
  29 ballistomycetes
  3 fungi
  3 plants
886 creatures vanquished.

Vanquished Creatures (collateral kills)
  Nessos (D:12)
  A catoblepas (Lair:8)
  2 hydras
  2 death yaks (Lair:8)
  The ghost of EmilioHeskey the Skirmisher, an experienced FoGl (D:6)
  A centaur skeleton (D:12)
  3 polar bears (Orc:2)
  4 yaks (Lair:8)
  A vampire mosquito (D:12)
  An orc warrior (D:13)
  A water moccasin (D:12)
  2 sheep
  An adder (Lair:4)
  2 orcs
23 creatures vanquished.

Vanquished Creatures (others)
  A hound (D:7)
  3 giant spores
  4 fungi
  3 plants
11 creatures vanquished.

Grand Total: 920 creatures vanquished

Notes
Turn   | Place    | Note
--------------------------------------------------------------
     0 | D:1      | drasked, the Gargoyle Berserker, began the quest for the Orb.
     0 | D:1      | Reached XP level 1. HP: 14/14 MP: 1/1
     0 | D:1      | 0 ||| counter = 23
   133 | D:1      | Reached skill level 3 in Axes
   287 | D:1      | Reached XP level 2. HP: 19/19 MP: 2/2
   534 | D:1      | 534 ||| UPGRADING to chain mail.
   552 | D:1      | 552 ||| DROPPING +0 animal skin.
   553 | D:1      | 553 ||| UPGRADING to plate armour.
   563 | D:1      | 563 ||| DROPPING +0 chain mail.
   564 | D:1      | 564 ||| READING scroll labeled SKYBAU HO LUDGH.
   565 | D:1      | 565 ||| READING scroll labeled THUAZO DUBBEAL.
   570 | D:1      | 570 ||| READING scroll labeled KIFIRI WADIOD.
   704 | D:2      | Acquired Trog's second power
   739 | D:2      | Reached XP level 3. HP: 15/23 MP: 3/3
   900 | D:2      | Reached skill level 4 in Axes
  1111 | D:2      | Found a deep blue altar of Sif Muna.
  1347 | D:2      | Reached XP level 4. HP: 25/28 MP: 4/4
  1383 | D:2      | 1383 ||| INVOKING Berserk.
  1402 | D:2      | 1402 ||| READING scroll of teleportation.
  1525 | D:2      | 1525 ||| INVOKING Berserk.
  1561 | D:2      | 1561 ||| EATING 5 fruits.
  1625 | D:2      | 1625 ||| READING 2 scrolls labeled BLUOTU TWUMUNG.
  1626 | D:2      | 1626 ||| READING scroll of enchant weapon.
  1626 | D:2      | 1626 ||| ENCHANTING +1 hand axe.
  1627 | D:2      | 1627 ||| READING scroll labeled SUAL AW MEPA.
  1628 | D:2      | 1628 ||| READING 2 scrolls labeled DAPRYUZOHY.
  1629 | D:2      | 1629 ||| DRINKING 2 ruby potions.
  1755 | D:2      | 1755 ||| EATING 4 fruits.
  1768 | D:3      | 1768 ||| STAIRDANCE
  1778 | D:3      | 1778 ||| STAIRDANCE
  1884 | D:3      | Reached skill level 5 in Axes
  1899 | D:3      | Reached XP level 5. HP: 26/32 MP: 5/5
  2398 | D:3      | Acquired Trog's third power
  2438 | D:3      | 2438 ||| STAIRDANCE
  2440 | D:2      | 2440 ||| READING scroll labeled THOIQY JOSOUP.
  2441 | D:2      | 2441 ||| READING scroll labeled HUONYHYNOB.
  2442 | D:2      | 2442 ||| DRINKING 4 dark potions.
  2493 | D:3      | Reached XP level 6. HP: 33/37 MP: 6/6
  2530 | D:3      | Reached skill level 6 in Axes
  2892 | D:4      | Found Nyusch Zuon's General Store.
  2947 | D:4      | Noticed Blork the orc
  2948 | D:4      | 2948 ||| INVOKING Berserk.
  2953 | D:4      | Killed Blork the orc
  2970 | D:4      | 2970 ||| EATING 3 fruits.
  3052 | D:4      | Found a stormy altar of Qazlal.
  3252 | D:4      | Reached XP level 7. HP: 41/41 MP: 7/7
  3296 | D:4      | Found Soat's Gadget Shoppe.
  3424 | D:4      | 3424 ||| UPGRADING to ruby ring.
  3425 | D:4      | 3425 ||| REMOVING ring of stealth.
  3426 | D:4      | 3426 ||| DROPPING ring of stealth.
  3427 | D:4      | 3427 ||| READING scroll labeled VAJUDUUGOV.
  3443 | D:5      | Entered Level 5 of the Dungeon
  3466 | D:5      | Found a staircase to the Ecumenical Temple.
  3543 | D:5      | Found a glowing silver altar of Zin.
  3645 | D:5      | Found an iron altar of Okawaru.
  3687 | D:5      | 3687 ||| EATING 2 fruits.
  3732 | D:5      | Reached skill level 7 in Axes
  3738 | D:5      | 3738 ||| INVOKING Berserk.
  3740 | D:5      | Noticed Ijyb
  3754 | D:5      | Killed Ijyb
  3782 | D:5      | 3782 ||| EATING fruit.
  4071 | D:5      | Found a shadowy altar of Dithmenos.
  4144 | D:5      | 4144 ||| UPGRADING to tubular steel ring.
  4145 | D:5      | 4145 ||| REMOVING ring of magical power.
  4146 | D:5      | 4146 ||| DROPPING ring of magical power.
  4147 | D:5      | 4147 ||| READING scroll labeled CIORRE PEFF.
  4148 | D:5      | 4148 ||| DRINKING 2 golden potions.
  4153 | D:5      | 4153 ||| READING 2 scrolls of identify.
  4153 | D:5      | 4153 ||| IDENTIFYING wand of hasting
  4162 | D:6      | Found a bloodstained altar of Trog.
  4180 | D:6      | Noticed EmilioHeskey's ghost (experienced FoGl)
  4181 | D:6      | 4181 ||| INVOKING Brothers in Arms.
  4183 | D:6      | 4183 ||| INVOKING Berserk.
  4194 | D:6      | Killed EmilioHeskey's ghost
  4194 | D:6      | Reached skill level 8 in Axes
  4194 | D:6      | Reached XP level 8. HP: 48/48 MP: 8/8
  4227 | D:6      | 4227 ||| EATING slice of pizza.
  4309 | D:6      | Found Phuasker's Quality Used Wands.
  4400 | D:6      | Found a radiant altar of Vehumet.
  4548 | D:6      | Reached skill level 9 in Axes
  4894 | D:6      | 4894 ||| EATING 2 beef jerkies.
  4897 | D:6      | 4897 ||| UPGRADING to opal ring.
  4898 | D:6      | 4898 ||| READING 6 scrolls of remove curse.
  4899 | D:6      | 4899 ||| REMOVING ring of teleportation.
  4900 | D:6      | 4900 ||| DROPPING ring of teleportation.
  4935 | D:7      | Noticed Menkaure
  4942 | D:7      | 4942 ||| INVOKING Berserk.
  4944 | D:7      | Killed Menkaure
  4944 | D:7      | Reached XP level 9. HP: 21/52 MP: 9/9
  5126 | D:7      | 5126 ||| EATING beef jerky.
  5127 | D:7      | 5127 ||| READING 5 scrolls of remove curse.
  5490 | D:7      | 5490 ||| INVOKING Berserk.
  5491 | D:7      | Reached skill level 10 in Axes
  5501 | D:7      | 5501 ||| EATING 2 bread rations.
  5743 | D:7      | Found a burning altar of Makhleb.
  5875 | D:7      | 5875 ||| INVOKING Berserk.
  6392 | D:7      | 6392 ||| UPGRADING to marble ring.
  6393 | D:7      | 6393 ||| READING scroll labeled STYZXE COOW.
  6394 | D:7      | 6394 ||| READING 2 scrolls of identify.
  6394 | D:7      | 6394 ||| IDENTIFYING amethyst potion
  6425 | D:8      | 6425 ||| STAIRDANCE
  6429 | D:8      | 6429 ||| STAIRDANCE
  6434 | D:8      | 6434 ||| STAIRDANCE
  6456 | D:8      | 6456 ||| INVOKING Berserk.
  6543 | D:8      | Reached skill level 11 in Axes
  6771 | D:8      | 6771 ||| INVOKING Burn Spellbooks.
  6783 | D:8      | Found a staircase to the Lair.
  6783 | D:8      | Noticed a fire drake
  6786 | D:8      | 6786 ||| INVOKING Berserk.
  6791 | D:8      | Killed a fire drake
  6791 | D:8      | Reached XP level 10. HP: 60/60 MP: 10/10
  6838 | D:8      | 6838 ||| EATING bread ration.
  6940 | D:8      | Reached skill level 6 in Fighting
  7122 | D:8      | 7122 ||| UPGRADING to pair of gloves.
  7127 | D:8      | 7127 ||| UPGRADING to large ivory amulet.
  7171 | Lair:1   | Entered Level 1 of the Lair of Beasts
  7172 | Lair:1   | 7172 ||| Entered L.
  7200 | Lair:1   | Reached skill level 12 in Axes
  7205 | Lair:1   | 7205 ||| INVOKING Berserk.
  7275 | Lair:1   | 7275 ||| INVOKING Berserk.
  7303 | Lair:1   | 7303 ||| EATING 2 fruits.
  7575 | Lair:1   | Received a gift from Trog
  7577 | Lair:1   | 7577 ||| UPGRADING to glowing broad axe {god gift}.
  7578 | Lair:1   | 7578 ||| DROPPING +2 hand axe of flaming.
  7967 | Lair:1   | Reached skill level 13 in Axes
  8090 | Lair:1   | 8090 ||| READING scroll labeled NUWUIT SYSMUUR.
  8091 | Lair:1   | 8091 ||| READING 3 scrolls of identify.
  8091 | Lair:1   | 8091 ||| IDENTIFYING fizzy inky potion
  8092 | Lair:1   | 8092 ||| READING 2 scrolls of identify.
  8092 | Lair:1   | 8092 ||| IDENTIFYING bubbling silvery potion
  8229 | Lair:2   | 8229 ||| INVOKING Berserk.
  8895 | Lair:2   | 8895 ||| EATING 5 fruits.
  9015 | Lair:2   | 9015 ||| READING scroll labeled KLEAZ UCAI.
  9016 | Lair:2   | 9016 ||| READING scroll labeled BLEUKHLEUTTAVEI.
  9017 | Lair:2   | 9017 ||| DRINKING 2 glowing emerald potions.
  9018 | Lair:2   | 9018 ||| READING 3 scrolls of identify.
  9018 | Lair:2   | 9018 ||| IDENTIFYING fizzy golden potion
  9019 | Lair:2   | 9019 ||| READING 2 scrolls of identify.
  9019 | Lair:2   | 9019 ||| IDENTIFYING coppery potion
  9096 | Lair:3   | 9096 ||| INVOKING Berserk.
  9101 | Lair:3   | Reached XP level 11. HP: 66/66 MP: 3/11
  9108 | Lair:3   | 9108 ||| EATING 4 fruits.
  9383 | Lair:3   | Noticed an elephant
  9391 | Lair:3   | Killed an elephant
  9412 | Lair:3   | Noticed an elephant
  9413 | Lair:3   | 9413 ||| INVOKING Berserk.
  9429 | Lair:3   | Killed an elephant
  9429 | Lair:3   | Reached skill level 14 in Axes
  9462 | Lair:3   | 9462 ||| EATING 3 fruits.
  9468 | Lair:3   | 9468 ||| INVOKING Berserk.
  9476 | Lair:3   | 9476 ||| EATING 2 fruits.
  9526 | Lair:3   | 9526 ||| EATING fruit.
  9571 | Lair:3   | 9571 ||| INVOKING Berserk.
  9653 | Lair:3   | 9653 ||| INVOKING Berserk.
  9716 | Lair:3   | 9716 ||| EATING slice of pizza.
  9722 | Lair:3   | 9722 ||| INVOKING Berserk.
  9725 | Lair:3   | Received a gift from Trog
  9793 | Lair:3   | 9793 ||| UPGRADING to runed battleaxe {god gift}.
  9794 | Lair:3   | 9794 ||| DROPPING +7 antimagic broad axe.
  9822 | Lair:3   | Noticed Nergalle
  9825 | Lair:3   | 9825 ||| INVOKING Berserk.
  9828 | Lair:3   | Killed Nergalle
 10368 | Lair:3   | 10368 ||| UPGRADING to pair of boots.
 10373 | Lair:3   | 10373 ||| READING scroll labeled SHROETI CHEINN.
 10374 | Lair:3   | 10374 ||| DRINKING 2 blue potions.
 10375 | Lair:3   | 10375 ||| READING 2 scrolls of identify.
 10375 | Lair:3   | 10375 ||| IDENTIFYING murky silvery potion
 10481 | Lair:4   | 10481 ||| INVOKING Berserk.
 10590 | Lair:4   | Found a staircase to the Snake Pit.
 10610 | Lair:4   | Found an opulent altar of Gozag.
 10681 | Lair:4   | 10681 ||| INVOKING Berserk.
 10755 | Lair:4   | Found a staircase to the Shoals.
 10829 | Lair:4   | Noticed a six-headed hydra
 10830 | Lair:4   | 10830 ||| INVOKING Brothers in Arms.
 10833 | Lair:4   | 10833 ||| INVOKING Berserk.
 10836 | Lair:4   | Killed a three-headed hydra
 10836 | Lair:4   | Reached skill level 15 in Axes
 11173 | Lair:4   | Noticed Snorg
 11174 | Lair:4   | 11174 ||| INVOKING Brothers in Arms.
 11176 | Lair:4   | 11176 ||| INVOKING Berserk.
 11185 | Lair:4   | Killed Snorg
 11185 | Lair:4   | Reached XP level 12. HP: 68/73 MP: 12/12
 11201 | Lair:4   | 11201 ||| EATING beef jerky.
 11389 | Lair:5   | 11389 ||| STAIRDANCE
 11733 | Lair:5   | Noticed a five-headed hydra
 11734 | Lair:5   | 11734 ||| INVOKING Brothers in Arms.
 11736 | Lair:5   | 11736 ||| INVOKING Berserk.
 11739 | Lair:5   | Killed a three-headed hydra
 11772 | Lair:5   | 11772 ||| EATING beef jerky.
 11819 | Lair:5   | Noticed a seven-headed hydra
 11820 | Lair:5   | 11820 ||| INVOKING Brothers in Arms.
 11823 | Lair:5   | 11823 ||| INVOKING Berserk.
 11824 | Lair:5   | Killed an eight-headed hydra
 11873 | Lair:5   | 11873 ||| EATING 4 meat rations.
 11954 | Lair:5   | Noticed a five-headed hydra
 11955 | Lair:5   | 11955 ||| INVOKING Brothers in Arms.
 11958 | Lair:5   | 11958 ||| INVOKING Berserk.
 11959 | Lair:5   | Killed a four-headed hydra
 12011 | Lair:5   | 12011 ||| READING scroll of enchant weapon.
 12011 | Lair:5   | 12011 ||| ENCHANTING +3 battleaxe of flaming.
 12212 | Lair:5   | Reached skill level 16 in Axes
 12416 | Lair:6   | 12416 ||| INVOKING Berserk.
 12503 | Lair:6   | Received a gift from Trog
 12523 | Lair:6   | 12523 ||| UPGRADING to runed battleaxe {god gift}.
 12524 | Lair:6   | 12524 ||| UPGRADING to +4 battleaxe of flaming.
 12525 | Lair:6   | 12525 ||| DROPPING +2 antimagic battleaxe.
 12785 | Lair:6   | 12785 ||| EATING 3 meat rations.
 13743 | Lair:6   | 13743 ||| UPGRADING to cloak.
 13748 | Lair:6   | 13748 ||| DRINKING 2 cyan potions.
 13749 | Lair:6   | 13749 ||| READING 2 scrolls of identify.
 13749 | Lair:6   | 13749 ||| IDENTIFYING black potion
 13780 | Lair:7   | 13780 ||| STAIRDANCE
 13789 | Lair:7   | 13789 ||| STAIRDANCE
 13876 | Lair:7   | 13876 ||| INVOKING Burn Spellbooks.
 13879 | Lair:7   | 13879 ||| INVOKING Brothers in Arms.
 13881 | Lair:7   | 13881 ||| INVOKING Berserk.
 13937 | Lair:7   | 13937 ||| EATING 2 meat rations.
 13940 | Lair:7   | Noticed a catoblepas
 13944 | Lair:7   | 13944 ||| INVOKING Berserk.
 13948 | Lair:7   | Reached skill level 17 in Axes
 13948 | Lair:7   | Reached XP level 13. HP: 79/79 MP: 13/13
 13951 | Lair:7   | Killed a catoblepas
 14056 | Lair:7   | Reached skill level 6 in Armour
 14090 | Lair:7   | Received a gift from Trog
 14221 | Lair:7   | Noticed Maud
 14227 | Lair:7   | 14227 ||| INVOKING Berserk.
 14233 | Lair:7   | Killed Maud
 14502 | Lair:7   | 14502 ||| INVOKING Burn Spellbooks.
 14511 | Lair:7   | Reached skill level 9 in Fighting
 14686 | Lair:7   | 14686 ||| UPGRADING to runed plate armour.
 14696 | Lair:7   | 14696 ||| DROPPING +0 plate armour.
 14697 | Lair:7   | 14697 ||| UPGRADING to dented steel amulet.
 14699 | Lair:7   | 14699 ||| REMOVING amulet of rage.
 14723 | Lair:7   | 14723 ||| DROPPING amulet of rage.
 14724 | Lair:7   | 14724 ||| UPGRADING to lumpy bronze amulet.
 14725 | Lair:7   | 14725 ||| UPGRADING to amulet of regeneration.
 14727 | Lair:7   | 14727 ||| DROPPING amulet of warding.
 14728 | Lair:7   | 14728 ||| UPGRADING to gilded ring.
 14737 | Lair:8   | Entered Level 8 of the Lair of Beasts
 14774 | Lair:8   | Received a gift from Trog
 14905 | Lair:8   | Reached skill level 18 in Axes
 15064 | Lair:8   | 15064 ||| INVOKING Burn Spellbooks.
 15142 | Lair:8   | Received a gift from Trog
 15275 | Lair:8   | 15275 ||| INVOKING Berserk.
 15282 | Lair:8   | Received a gift from Trog
 15336 | Lair:8   | 15336 ||| INVOKING Brothers in Arms.
 15338 | Lair:8   | 15338 ||| INVOKING Berserk.
 15415 | Lair:8   | 15415 ||| INVOKING Brothers in Arms.
 15418 | Lair:8   | 15418 ||| INVOKING Berserk.
 15426 | Lair:8   | Gained mutation: Your wings are large and strong. [gargoyle growth]
 15426 | Lair:8   | Reached XP level 14. HP: 86/86 MP: 14/14
 15483 | Lair:8   | 15483 ||| INVOKING Fly.
 15483 | Lair:8   | 15483 ||| FLYING.
 15489 | Lair:8   | 15489 ||| INVOKING Brothers in Arms.
 15490 | Lair:8   | 15490 ||| INVOKING Berserk.
 15571 | Lair:8   | 15571 ||| INVOKING Berserk.
 15624 | Lair:8   | Got a dazzling executioner's axe
 15625 | Lair:8   | 15625 ||| UPGRADING to dazzling executioner's axe.
 15625 | Lair:8   | Identified the +6 executioner's axe of the Known World {freeze, rPois Str+3 Dex-2} (You found it on level 8 of the Lair of Beasts)
 15626 | Lair:8   | 15626 ||| DROPPING +4 battleaxe of flaming.
 15647 | Lair:8   | 15647 ||| INVOKING Brothers in Arms.
 15649 | Lair:8   | 15649 ||| INVOKING Berserk.
 15746 | Lair:8   | 15746 ||| INVOKING Brothers in Arms.
 15747 | Lair:8   | 15747 ||| INVOKING Berserk.
 15876 | Lair:8   | 15876 ||| INVOKING Brothers in Arms.
 15879 | Lair:8   | 15879 ||| INVOKING Berserk.
 15895 | Lair:8   | 15895 ||| EATING 2 fruits.
 16019 | Lair:8   | Found a viscous altar of Jiyva.
 16019 | Lair:8   | Found a staircase to the Slime Pits.
 16178 | Lair:8   | 16178 ||| UPGRADING to blackened onyx ring.
 16180 | Lair:8   | 16180 ||| REMOVING ring of sustain abilities.
 16181 | Lair:8   | 16181 ||| DROPPING ring of sustain abilities.
 16182 | Lair:8   | 16182 ||| UPGRADING to +4 ring of protection.
 16183 | Lair:8   | 16183 ||| READING 4 scrolls of identify.
 16183 | Lair:8   | 16183 ||| IDENTIFYING fuming dark potion
 16184 | Lair:8   | 16184 ||| READING 3 scrolls of identify.
 16184 | Lair:8   | 16184 ||| IDENTIFYING pink potion
 16185 | Lair:8   | 16185 ||| READING 2 scrolls of identify.
 16185 | Lair:8   | 16185 ||| IDENTIFYING murky sapphire potion
 16315 | Lair:5   | Reached skill level 19 in Axes
 16337 | Lair:5   | 16337 ||| INVOKING Burn Spellbooks.
 16524 | D:9      | Found Fimoimy's Armour Emporium.
 16530 | D:9      | 16530 ||| STAIRDANCE
 16591 | D:9      | Found Ruotwaos' Jewellery Boutique.
 16801 | D:9      | Found Shreiza's Armour Shoppe.
 16804 | D:9      | Found Hyaxu's Distillery.
 17019 | D:9      | Found an ancient bone altar of Kikubaaqudgha.
 17068 | D:9      | 17068 ||| INVOKING Burn Spellbooks.
 17128 | D:9      | Found a sacrificial altar of Ru.
 17140 | D:9      | Found a white marble altar of Elyvilon.
 17143 | D:9      | Found a shimmering altar of Xom.
 17201 | D:9      | Found Wadallit's Weapon Emporium.
 17483 | D:9      | 17483 ||| UPGRADING to agate ring.
 17485 | D:9      | 17485 ||| REMOVING ring of wizardry.
 17486 | D:9      | 17486 ||| DROPPING ring of wizardry.
 17487 | D:9      | 17487 ||| UPGRADING to +4 ring of protection.
 17549 | D:10     | Entered Level 10 of the Dungeon
 17557 | D:10     | Received a gift from Trog
 17585 | D:10     | 17585 ||| UPGRADING to runed executioner's axe {god gift}.
 17586 | D:10     | 17586 ||| UPGRADING to +6 executioner's axe of the Known World {freeze, rPois Str+3 Dex-2}.
 17587 | D:10     | 17587 ||| DROPPING +2 antimagic executioner's axe.
 17622 | D:10     | Noticed Erica
 17623 | D:10     | 17623 ||| INVOKING Berserk.
 17625 | D:10     | Killed Erica
 18216 | D:10     | 18216 ||| UPGRADING to helmet.
 18221 | D:10     | 18221 ||| READING scroll labeled BIJOGOE NEGEQ.
 18222 | D:10     | 18222 ||| READING 3 scrolls of identify.
 18222 | D:10     | 18222 ||| IDENTIFYING inky potion
 18253 | D:11     | 18253 ||| STAIRDANCE
 18264 | D:11     | 18264 ||| STAIRDANCE
 18286 | D:11     | 18286 ||| STAIRDANCE
 18397 | D:11     | 18397 ||| READING 8 scrolls of remove curse.
 18457 | D:11     | Received a gift from Trog
 18470 | D:11     | 18470 ||| UPGRADING to glowing battleaxe {god gift}.
 18471 | D:11     | 18471 ||| UPGRADING to +6 executioner's axe of the Known World {freeze, rPois Str+3 Dex-2}.
 18472 | D:11     | 18472 ||| DROPPING +3 antimagic battleaxe.
 18733 | D:11     | Noticed Sonja
 18733 | D:11     | 18733 ||| INVOKING Brothers in Arms.
 18740 | D:11     | 18740 ||| INVOKING Berserk.
 18742 | D:11     | Killed Sonja
 18785 | D:11     | 18785 ||| EATING beef jerky.
 18854 | D:11     | Noticed Grum
 18862 | D:11     | Killed Grum
 18909 | D:11     | Found a staircase to the Orcish Mines.
 19266 | D:11     | 19266 ||| STAIRDANCE
 19278 | D:10     | 19278 ||| READING 2 scrolls labeled PYRAIQAAHESS.
 19279 | D:10     | 19279 ||| READING scroll of enchant armour.
 19279 | D:10     | 19279 ||| ENCHANTING +0 pair of gloves.
 19365 | Orc:1    | Entered Level 1 of the Orcish Mines
 19366 | Orc:1    | 19366 ||| Entered O.
 19408 | Orc:1    | Found Psejer's Armour Shoppe.
 19456 | Orc:1    | Received a gift from Trog
 19621 | Orc:1    | 19621 ||| UPGRADING to runed chain mail.
 19631 | Orc:1    | 19631 ||| UPGRADING to +2 plate armour of poison resistance.
 19641 | Orc:1    | 19641 ||| DROPPING +2 chain mail of positive energy.
 19791 | Orc:2    | Found an iron altar of Okawaru.
 19801 | Orc:2    | Found a frozen archway.
 19808 | Orc:2    | 19808 ||| INVOKING Brothers in Arms.
 19812 | Orc:2    | 19812 ||| INVOKING Berserk.
 20051 | Orc:3    | Found a staircase to the Elven Halls.
 20052 | Orc:3    | 20052 ||| STAIRDANCE
 20061 | Orc:3    | 20061 ||| STAIRDANCE
 20524 | Orc:3    | Found a roughly hewn altar of Beogh.
 20834 | Orc:3    | 20834 ||| EATING fruit.
 20979 | D:12     | Noticed Nessos
 20979 | D:12     | 20979 ||| INVOKING Brothers in Arms.
 20983 | D:12     | 20983 ||| INVOKING Berserk.
 20983 | D:12     | Reached skill level 20 in Axes
 20994 | D:12     | Killed Nessos
 20995 | D:12     | 20995 ||| EATING slice of pizza.
 21146 | D:12     | 21146 ||| INVOKING Burn Spellbooks.
 21177 | D:12     | 21177 ||| INVOKING Burn Spellbooks.
 21333 | D:12     | 21333 ||| INVOKING Burn Spellbooks.
 21367 | D:12     | 21367 ||| INVOKING Brothers in Arms.
 21371 | D:12     | 21371 ||| INVOKING Berserk.
 21372 | D:12     | Reached XP level 15. HP: 92/92 MP: 15/15
 21377 | D:12     | 21377 ||| EATING 4 fruits.
 21493 | D:12     | Received a gift from Trog
 21523 | D:12     | 21523 ||| UPGRADING to runed battleaxe {god gift}.
 21535 | D:12     | 21535 ||| UPGRADING to +6 executioner's axe of the Known World {freeze, rPois Str+3 Dex-2}.
 21536 | D:12     | 21536 ||| DROPPING +3 antimagic battleaxe.
 21863 | D:12     | 21863 ||| INVOKING Burn Spellbooks.
 21950 | D:12     | 21950 ||| EATING 3 fruits.
 22260 | D:12     | 22260 ||| UPGRADING to glowing plate armour.
 22270 | D:12     | 22270 ||| DROPPING +2 plate armour of poison resistance.
 22271 | D:12     | 22271 ||| DROPPING 8 tomahawks.
 22483 | D:13     | 22483 ||| EATING 2 fruits.
 22508 | D:13     | Noticed SaintRoka's ghost (powerful HaWr)
 22509 | D:13     | 22509 ||| INVOKING Brothers in Arms.
 22513 | D:13     | 22513 ||| INVOKING Berserk.
 22518 | D:13     | Killed SaintRoka's ghost
 22524 | D:13     | 22524 ||| EATING fruit.
 22570 | D:13     | Received a gift from Trog
 22572 | D:13     | 22572 ||| UPGRADING to glowing executioner's axe {god gift}.
 22573 | D:13     | 22573 ||| UPGRADING to +6 executioner's axe of the Known World {freeze, rPois Str+3 Dex-2}.
 22574 | D:13     | 22574 ||| DROPPING +1 antimagic executioner's axe.
 22601 | D:13     | 22601 ||| INVOKING Burn Spellbooks.
 22632 | D:13     | Found Plurir's General Store.
 22794 | D:13     | 22794 ||| INVOKING Brothers in Arms.
 22796 | D:13     | 22796 ||| INVOKING Berserk.
 22885 | D:13     | Noticed Urug
 22898 | D:13     | Killed Urug
 23198 | D:13     | 23198 ||| STAIRDANCE
 23219 | D:13     | 23219 ||| STAIRDANCE
 23480 | D:14     | Noticed Rupert
 23481 | D:14     | 23481 ||| INVOKING Trog's Hand.
 23487 | D:14     | Received a gift from Trog
 23490 | D:14     | 23490 ||| INVOKING Berserk.
 23497 | D:14     | Killed Rupert
 23497 | D:14     | Reached skill level 21 in Axes
 23509 | D:14     | 23509 ||| EATING beef jerky.
 23681 | D:14     | 23681 ||| INVOKING Burn Spellbooks.
 23748 | D:14     | Found a gate to the Vaults.
 23818 | D:14     | 23818 ||| INVOKING Brothers in Arms.
 23820 | D:14     | 23820 ||| INVOKING Berserk.
 23828 | D:14     | 23828 ||| EATING 2 royal jellies.
 23983 | D:14     | 23983 ||| UPGRADING to ring of protection from cold.
 23985 | D:14     | 23985 ||| UPGRADING to +4 ring of protection.
 23997 | D:15     | Entered Level 15 of the Dungeon
 23997 | D:15     | Noticed Kirke
 23998 | D:15     | 23998 ||| STAIRDANCE
 24009 | D:15     | 24009 ||| STAIRDANCE
 24010 | D:15     | Noticed a sphinx
 24011 | D:14     | 24011 ||| INVOKING Trog's Hand.
 24022 | D:14     | 24022 ||| INVOKING Berserk.
 24022 | D:14     | HP: 34/139 [harpy[Kirke] (11)]
 24023 | D:14     | HP: 14/139 [harpy[Kirke] (5)]
 24023 | D:14     | HP: 5/139 [harpy[Kirke] (9)]
 24023 | D:14     | Mangled by a hog

Vault maps used:
D:1:      minmay_arrival_jagged
D:2:      lemuel_coloured_pillars_altar, first_bread, minivault_25
D:3:      serial_corexii_hall, corexii_hall_statues_x, corexii_hall_statues_l,
          minmay_snake_closets
D:4:      serial_shops, nicolae_shop_statue_plus, kennysheep_mini_moat,
          lemuel_statue_altar, uniq_blork_the_orc
D:5:      kennysheep_big_flooded_room, lemuel_round_altar, old_standard_altar,
          temple_pool_b, grunt_dithmenos_shadows, uniq_iyjb
D:6:      bloody_trog, basic_altar, nicolae_for_you_no_charge
D:7:      old_standard_altar, uniq_menkaure
D:8:      minmay_lair_entry_lava
D:9:      kiku_gazebo_pond_becter, minmay_overflow_temple_star_quad,
          serial_shops, nicolae_shop_stone, nicolae_shop_crystal, shop,
          nicolae_shop_window_shopping, shop, onia_ninara_cookie
D:10:     the_bakery, uniq_erica
D:11:     david_orc_3, uniq_grum, uniq_sonja
D:12:     special_room, nrook_guardian_serpent_ordinary, uniq_nessos
D:13:     cheibrodos_orc_bank, serial_shops, shop, uniq_urug
D:14:     minmay_misc_feat_enclosed, uniq_rupert
D:15:     grunt_enter_depths_snipers, tso_altar, serial_shops, shop_fountains,
          uniq_kirke
Lair:3:   serial_bayou_pond_b, roderic_batcave, beast_lair_carwin_10,
          infiniplex_staircase_pool_2, uniq_nergalle
Lair:4:   elwin_shoals_entry_rocks, dummy_snake_entry, basic_altar, uniq_snorg
Lair:5:   minmay_lindwurm_lava
Lair:6:   beast_lair_carwin_1, grunt_megastairs_2
Lair:7:   uniq_maud
Lair:8:   evilmike_catoblepas_cave, slime_altar_1, st_stairs_8,
          serial_bayou_shore_b
Orc:1:    special_room, serial_shops, shop, nicolae_orc_flooded_monolith,
          nicolae_orc_rich_vein, uniq_duvessa
Orc:2:    serial_shops, nicolae_shop_stone,
          portal_ice_cave_entry_animals_and_master, okawaru_metal_pillars_3
Orc:3:    basic_altar, nicolae_orc_pool_cavern, nicolae_orc_lava_tube

Action                   |  1- 3 |  4- 6 |  7- 9 | 10-12 | 13-15 || total
-------------------------+-------+-------+-------+-------+-------++-------
Melee: Hand axe          |   102 |   258 |   399 |    94 |       ||   853
       Broad axe         |       |       |       |   163 |       ||   163
       Battleaxe         |       |       |       |   255 |   246 ||   501
       Executioner's axe |       |       |       |       |   738 ||   738
       Unarmed           |       |       |       |       |    11 ||    11
Throw: Javelin           |    26 |    27 |    34 |    82 |    40 ||   209
       Tomahawk          |       |       |       |     7 |   339 ||   346
Invok: Berserk           |       |     3 |     7 |    20 |    19 ||    49
       Brothers in Arms  |       |       |     1 |     6 |    13 ||    20
       Burn Spellbooks   |       |       |     1 |     1 |    10 ||    12
       Trog's Hand       |       |       |       |       |     2 ||     2
 Abil: Fly               |       |       |       |       |     1 ||     1
  Use: Scroll            |     3 |     7 |     7 |    11 |     8 ||    36
       Potion            |       |     2 |     1 |     3 |       ||     6
 Stab: Petrifying        |       |       |       |     2 |       ||     2
  Eat: Chunk             |     1 |     8 |     7 |    27 |    43 ||    86
       Fruit             |       |     3 |     2 |     6 |     6 ||    17
       Beef jerky        |       |       |     2 |     2 |     2 ||     6
       Pizza             |       |       |     1 |     1 |     1 ||     3
       Bread ration      |       |       |     1 |       |       ||     1
       Meat ration       |       |       |       |     3 |       ||     3
       Royal jelly       |       |       |       |       |     1 ||     1
